 Dungeon Crawl Stone Soup version 0.21-a0-521-g1cd18d1 (webtiles) character file.

2772 4thArraOfDagon the Geomancer (level 9, -2/57 HPs)
             Began as a Vampire Earth Elementalist on Dec 5, 2017.
             Was a High Priest of Jiyva.
             Slain by a black bear (3 damage)
             ... on level 8 of the Dungeon.
             The game lasted 00:21:46 (4390 turns).

4thArraOfDagon the Geomancer (VpEE)                 Turns: 4390, Time: 00:21:47

Health: -2/57      AC:  2    Str:  8    XL:     9   Next: 42%
Magic:  9/19       EV: 12    Int: 22    God:    Jiyva [*****.]
Gold:   38         SH:  0    Dex: 14    Spells: 8/22 levels left

rFire    . . .     SeeInvis +   c - +3 long sword (freeze)
rCold    . . .     Gourm    .   (no shield)
rNeg     . . .     Faith    .   l - +0 robe
rPois    .         Spirit   .   (helmet restricted)
rElec    .         Reflect  .   (no cloak)
rCorr    +         Harm     .   (no gloves)
MR       .....                  (no boots)
Stlth    ++........             (no amulet)
HPRegen  0.39/turn              t - +4 ring of slaying
MPRegen  0.16/turn              (no ring)

@: regenerating quickly
A: fangs 3, horns 1, see invisible, agile 1, unbreathing, sturdy frame 1
a: Request Jelly, Slimify, Cure Bad Mutation, Renounce Religion


You were on level 8 of the Dungeon.
You worshipped Jiyva.
Jiyva was extremely pleased with you.
You were full.

You visited 1 branch of the dungeon, and saw 8 of its levels.
You also visited: Sewer.

You collected 233 gold pieces.
You spent 195 gold pieces at shops.

Inventory:

Hand Weapons
 a - a +0 short sword
 c - a +3 long sword of freezing (weapon)
 q - a +2 long sword of freezing
 v - the +3 battleaxe of Eternal Vigilance {chop, Str+3}
   (You bought it in a shop on level 7 of the Dungeon)

   It inflicts extra damage upon your enemies.
   It affects your strength (+3).
Missiles
 b - 124 stones (quivered)
 h - 3 silver javelins
 u - a throwing net
Armour
 l - a +0 robe (worn)
 s - a +3 ring mail
Jewellery
 t - a +4 ring of slaying (left hand)
Scrolls
 g - 5 scrolls of enchant weapon {unknown}
 i - a scroll of immolation {unknown}
 m - a scroll of magic mapping
 n - 4 scrolls of teleportation
 w - a scroll of remove curse
Potions
 d - 3 potions of blood
 f - 2 potions of curing
 j - a potion of brilliance
 k - 4 potions of agility
 o - 3 potions of heal wounds
 p - a potion of magic
 x - a potion of invisibility {unknown}
Books
 e - a book of Geomancy

   Spells                             Type                      Level
   a - Sandblast                      Earth                        1
   b - Passwall                       Transmutation/Earth          2
   c - Stone Arrow                    Conjuration/Earth            3
   d - Petrify                        Transmutation/Earth          4
   e - Lee's Rapid Deconstruction     Earth                        5
 r - a book of Minor Magic

   Spells                             Type                      Level
   a - Magic Dart                     Conjuration                  1
   b - Blink                          Translocation                2
   c - Call Imp                       Summoning                    2
   d - Slow                           Hexes                        2
   e - Conjure Flame                  Conjuration/Fire             3
   f - Mephitic Cloud                 Conjuration/Poison/Air       3


   Skills:
 - Level 2.1 Dodging
 - Level 3.0 Stealth
 + Level 7.1 Spellcasting
 - Level 1.1 Transmutations
 * Level 10.9 Earth Magic


You had 8 spell levels left.
You knew the following spells:

 Your Spells              Type           Power        Failure   Level  Hunger
a - Sandblast             Erth           ######       1%          1    None
b - Lee's Rapid Deconstr  Erth           ######....   2%          5    #####..
c - Stone Arrow           Conj/Erth      ####..       2%          3    None
d - Passwall              Tmut/Erth      ####......   1%          2    None
e - Mephitic Cloud        Conj/Pois/Air  #.......     24%         3    None


Dungeon Overview and Level Annotations

Branches:
Dungeon (8/15)             Temple (0/1) D:7
   Lair: D:8-11

Altars:
Dithmenos
Elyvilon
Sif Muna
Trog
Uskayaw
Vehumet
Yredelemnul
Zin
Jiyva

Shops:
D:5 [   D:7 (

Annotations:
D:4 1 runed door


Innate Abilities, Weirdness & Mutations

Your natural rate of healing is unusually fast.
You have razor-sharp teeth.
You have supernaturally acute eyesight. (SInv)
You can survive without breathing.
You have a pair of small horns on your head.
You are agile. (Dex +2)
Your movements are slightly less encumbered by armour. (ER -2)


Message History

Unknown command.
Unknown command.
Unknown command.
Unknown command.
Casting: Lee's Rapid Deconstruction
Confirm with . or Enter, or press ? or * to list all spells.
Aiming: Lee's Rapid Deconstruction
Press: ? - help, Dir - move target cursor That beam is likely to hit you.
Continue anyway?
The wall shatters!
The blast of rock fragments hits the gnoll.
You kill the gnoll!
The blast of rock fragments hits the black bear.
The black bear is severely wounded.
The blast of rock fragments hits you!
* * * LOW HITPOINT WARNING * * *
The black bear barely misses you. The black bear claws you.
* * * LOW HITPOINT WARNING * * *
The black bear claws you.
You die...

..................###
#...
........l.....#.....#
####
..............#.....#
.........l..........#
..###......<........#
..#................##
..#.#.#............#
....#.#............#
....#.#.......)h@..#
....#.#...))##.#####
....#.#.###)#####
....###....(g...#
..................#
##................#
#................#
#...###...........#
....## #...........#


You could see a black bear and an iguana.

Vanquished Creatures
  A two-headed ogre (D:5)
  The ghost of Gerstahl the Insei, an amateur DsTm (D:4)
  An orc warrior (D:7)
  A sky beast (D:6)
  2 phantoms
  4 ogres
  A crocodile (D:7)
  3 bullfrogs
  A gnoll sergeant (D:6)
  2 killer bees (D:7)
  A scorpion (D:4)
  3 wights (D:6)
  2 howler monkeys (D:4)
  A crimson imp (D:7)
  A bullfrog zombie (D:6)
  3 hounds
  3 orc priests
  A gnoll shaman (D:8)
  An iguana (D:8)
  3 orc wizards
  A merfolk siren (Sewer)
  8 worker ants
  A merfolk avatar (Sewer)
  2 hound zombies (D:7)
  A hound skeleton (D:7)
  7 adders
  11 gnolls
  A shadow imp (D:7)
  An adder zombie (D:8)
  2 adder skeletons
  A dart slug (D:2)
  6 leopard geckos
  13 orcs
  2 ball pythons (Sewer)
  7 giant cockroaches
  6 goblins
  4 hobgoblins
  2 jackals (D:6)
  2 quokkas
  4 bats
  11 frilled lizards
  A goblin zombie (D:4)
  A jackal skeleton (D:4)
  12 kobolds
  A leopard gecko zombie (D:7)
  28 rats
172 creatures vanquished.

Vanquished Creatures (others)
  Pikel (D:5)
  A slave (D:5)
  2 killer bees (D:7)
  14 jellies
  A hound (D:5)
  An orc priest (D:7)
  A centaur skeleton (D:4)
  An orc wizard (D:5)
  2 gnolls (D:6)
  5 orcs
  3 giant cockroaches
  A goblin (D:2)
  2 hobgoblins (D:2)
  A quokka (D:5)
  A ball python (D:3)
  A ball python zombie (D:5)
  A bat (D:2)
  A frilled lizard (Sewer)
  2 kobolds (D:1)
  A leopard gecko skeleton (D:7)
  2 rats (Sewer)
45 creatures vanquished.

Grand Total: 217 creatures vanquished

Notes
Turn   | Place    | Note
-------+----------+-------------------------------------------
     0 | D:1      | 4thArraOfDagon the Vampire Earth Elementalist began the quest for the Orb.
     0 | D:1      | Reached XP level 1. HP: 13/13 MP: 3/3
   114 | D:3      | Reached XP level 2. HP: 15/19 MP: 0/5
   168 | D:3      | Found a faded altar of an unknown god.
   175 | D:3      | Became a worshipper of Jiyva Jocvimeu the Shapeless
   175 | D:3      | Reached * piety under Jiyva
   515 | D:2      | Reached ** piety under Jiyva
   605 | D:2      | Reached XP level 3. HP: 21/24 MP: 6/6
   742 | D:1      | Reached skill level 4 in Earth Magic
   863 | D:1      | Reached *** piety under Jiyva
   971 | D:3      | Reached XP level 4. HP: 18/30 MP: 4/8
   992 | D:3      | Gained mutation: You have sharp fingernails. [Jiyva's grace]
  1220 | D:4      | Reached skill level 5 in Earth Magic
  1220 | D:4      | Reached XP level 5. HP: 26/35 MP: 4/9
  1227 | D:4      | Learned a level 5 spell: Lee's Rapid Deconstruction
  1277 | D:4      | Found a runed door.
  1277 | D:4      | Noticed a human
  1279 | D:4      | Found a basalt altar of Yredelemnul.
  1335 | D:4      | Noticed Gerstahl's ghost (amateur DsTm)
  1373 | D:4      | Killed Gerstahl's ghost
  1373 | D:4      | Reached XP level 6. HP: 35/41 MP: 2/11
  1392 | D:4      | Reached skill level 6 in Earth Magic
  1447 | D:4      | Found a radiant altar of Vehumet.
  1584 | D:4      | Learned a level 3 spell: Stone Arrow
  1663 | D:4      | Found a shadowy altar of Dithmenos.
  1756 | D:5      | Entered Level 5 of the Dungeon
  1801 | D:5      | Found Pyntoum's Antique Armour Shop.
  1813 | D:5      | Gained mutation: Your movements are slightly less encumbered by armour. (ER -2) [Jiyva's grace]
  1817 | D:5      | Noticed Pikel
  1817 | D:5      | Noticed a slave
  1817 | D:5      | Noticed a slave
  1817 | D:5      | Noticed a slave
  1817 | D:5      | Noticed a slave
  1847 | D:5      | Reached **** piety under Jiyva
  1852 | D:5      | Killed a slave
  2066 | D:5      | Killed Pikel
  2110 | D:5      | Reached XP level 7. HP: 46/46 MP: 2/13
  2225 | D:5      | Reached skill level 7 in Earth Magic
  2234 | D:5      | Found a white marble altar of Elyvilon.
  2235 | D:5      | Noticed a two-headed ogre
  2255 | D:5      | Killed a two-headed ogre
  2255 | D:5      | Reached skill level 5 in Spellcasting
  2255 | D:5      | Reached skill level 8 in Earth Magic
  2255 | D:5      | Reached XP level 8. HP: 47/52 MP: 0/16
  2705 | D:6      | Reached skill level 9 in Earth Magic
  2804 | D:6      | Found a bloodstained altar of Trog.
  2853 | D:6      | Found a glowing drain.
  2896 | Sewer    | Entered a sewer
  3164 | Sewer    | Gained mutation: You are agile. (Dex +2) [Jiyva's grace]
  3229 | D:6      | Learned a level 2 spell: Passwall
  3233 | D:6      | Learned a level 3 spell: Mephitic Cloud
  3521 | D:7      | Found a glowing silver altar of Zin.
  3632 | D:7      | Reached skill level 10 in Earth Magic
  3643 | D:7      | Reached XP level 9. HP: 49/57 MP: 14/18
  3678 | D:7      | Found a hide-covered altar of Uskayaw.
  3685 | D:7      | Found a staircase to the Ecumenical Temple.
  3826 | D:7      | Found Ukall's Antique Weapon Boutique.
  3838 | D:7      | Bought a crystal battleaxe for 195 gold pieces
  3839 | D:7      | Reached ***** piety under Jiyva
  3839 | D:7      | Lost mutation: You have sharp fingernails. [Jiyva's grace]
  3944 | D:7      | Found a deep blue altar of Sif Muna.
  4068 | D:7      | Identified the +3 battleaxe of Eternal Vigilance {chop, Str+3} (You bought it in a shop on level 7 of the Dungeon)
  4193 | D:7      | Gained mutation: You have a pair of small horns on your head. [Jiyva's grace]
  4390 | D:8      | HP: 1/57 [black bear (5)]
  4390 | D:8      | Slain by a black bear

Vault maps used:
D:1:      lightli_arrival_quake
D:2:      kennysheep_big_flooded_room, first_bread, hangedman_decor_points
D:3:      chequers_ecumenical_altar_simple, st_stairs_10
D:4:      nicolae_overflow_hidden_temple, vehumet_crystals,
          kennysheep_decorative_pillar, dk_yredelemnul_ordeal
D:5:      old_standard_altar, serial_shops, nicolae_shop_waterfront, uniq_pikel
D:6:      portal_sewer_entry_f, bloody_trog
D:7:      lemuel_crystal_altar, marbit_many_paths,
          minmay_temple_entry_from_below_b, serial_shops, shop, basic_altar
D:8:      serial_corexii_hall, corexii_hall_statues_deadend,
          corexii_hall_statues_t, serial_shops, shop
Sewer:    sewer_sea

Skill      XL: |  1  2  3  4  5  6  7  8  9 |
---------------+----------------------------+-----
Earth Magic    | 4 5 6 8 10 | 10.9
Spellcasting   | 3 4 5 6 7 |  7.1
Dodging        | |  2.1
Stealth        | |  3.0
Transmutations | |  1.1

Action                   |  1- 3 |  4- 6 |  7- 9 || total
-------------------------+-------+-------+-------++-------
Melee: Short sword       |    95 |    56 |     7 ||   158
       Bite              |     4 |     5 |    10 ||    19
       Long sword        |       |       |   113 ||   113
       Headbutt          |       |       |     1 ||     1
 Cast: Sandblast         |    21 |    40 |    43 ||   104
       Lee's Rapid Decon |       |     3 |    16 ||    19
Invok: Request Jelly     |       |     2 |     4 ||     6
  Use: Potion            |       |       |     2 ||     2
       Scroll            |       |       |    11 ||    11
 Stab: Sleeping          |     2 |     1 |     5 ||     8
  Eat: Corpse            |     8 |     2 |     9 ||    19
Armor: Robe              |    30 |     4 |    21 ||    55
Dodge: Dodged            |    95 |    42 |    88 ||   225
       Rpst.: Long sword |       |       |    25 ||    25

Table legend:
 A = Spawn XP
 B = Non-spawn XP
 C = Spawn XP percentage of total XP
 D = Spawn monster count
 E = Non-spawn monster count
 F = Spawn count percentage of total count
 G = Total turns spent on level
                    A         B        C        D         E        F      G
               +---------+---------+-------+---------+---------+-------+---------
         Total |       0 |    3960 |   0.0 |       0 |     172 |   0.0 |  4390
               +---------+---------+-------+---------+---------+-------+---------
           D:1 |       0 |      19 |   0.0 |       0 |      13 |   0.0 |   284
           D:2 |       0 |      32 |   0.0 |       0 |      18 |   0.0 |   455
           D:3 |       0 |     115 |   0.0 |       0 |      16 |   0.0 |   415
           D:4 |       0 |     479 |   0.0 |       0 |      18 |   0.0 |   654
           D:5 |       0 |    1084 |   0.0 |       0 |      14 |   0.0 |   851
           D:6 |       0 |     769 |   0.0 |       0 |      20 |   0.0 |   606
           D:7 |       0 |    1072 |   0.0 |       0 |      26 |   0.0 |   650
           D:8 |       0 |     261 |   0.0 |       0 |      12 |   0.0 |   174
         Sewer |       0 |     129 |   0.0 |       0 |      35 |   0.0 |   301
               +---------+---------+-------+---------+---------+-------+---------
